 Dungeon Crawl Stone Soup version 0.25.1-2-g60ff931df9 (webtiles) character file.

Game seed: 17705417161538089759

183 H0rd4k the Magician (level 5, -1/28 HPs)
             Began as a Deep Elf Wizard on Oct 15, 2020.
             Slain by a worm (6 damage)
             ... on level 3 of the Dungeon.
             The game lasted 00:06:06 (4132 turns).

H0rd4k the Magician (Deep Elf Wizard)               Turns: 4132, Time: 00:06:06

Health: -1/28      AC:  3    Str:  4    XL:     5   Next: 35%
Magic:  4/16       EV: 13    Int: 24    God:
Gold:   113        SH:  5    Dex: 13    Spells: 8/17 levels left

rFire    . . .     SeeInvis .   (no weapon)
rCold    . . .     Gourm    .   (no shield)
rNeg     . . .     Faith    .   a - +0 robe
rPois    .         Spirit   .   b - +1 hat
rElec    .         Reflect  +   (no cloak)
rCorr    .         Harm     .   (no gloves)
MR       .....     Rnd*Tele +   (no boots)
Stlth    +.........             r - amulet of reflection
HPRegen  0.09/turn              p - ring of attention (curse)
MPRegen  0.15/turn              s - ring of teleportation (curse)

@: lethally poisoned (-1 -> -4)
A: no striking features
a: no special abilities


You were on level 3 of the Dungeon.
You were not hungry.

You visited 1 branch of the dungeon, and saw 3 of its levels.

You collected 113 gold pieces.

Inventory:

Missiles
 l - 5 atropa-tipped darts (quivered)
Armour
 a - a +0 robe (worn)
 b - a +1 hat (worn)
Jewellery
 c - a +4 ring of slaying
 p - a cursed ring of attention (left hand)
 r - an amulet of reflection (around neck)
 s - a cursed ring of teleportation (right hand)
Scrolls
 e - 2 scrolls of magic mapping
 f - a scroll of identify
 g - a scroll of amnesia
 m - a scroll of enchant armour
 o - a scroll of fog
 q - a scroll of fear
Potions
 i - a potion of degeneration
 k - a potion of cancellation
 t - a potion of magic
Comestibles
 d - 4 rations
 u - 2 chunks of flesh


   Skills:
 + Level 0.1 Throwing
 + Level 2.6 Dodging
 + Level 2.9 Stealth
 + Level 6.8 Spellcasting
 + Level 2.1 Conjurations
   Level 1.1 Summonings
 + Level 1.2 Translocations
 + Level 1.2 Fire Magic
 + Level 1.1 Air Magic
 + Level 1.0 Poison Magic


You had 8 spell levels left.
You knew the following spells:

 Your Spells              Type           Power        Failure   Level  Hunger
a - Magic Dart            Conj           ###.         3%          1    None
b - Blink                 Tloc           N/A          7%          2    None
c - Conjure Flame         Conj/Fire      ###.....     11%         3    None
d - Mephitic Cloud        Conj/Pois/Air  ###.....     12%         3    None

Your spell library contained the following spells:

 Spells                   Type           Power        Failure   Level  Hunger
 Call Imp                 Summ           ##......     7%          2    None
 Slow                     Hex            #.......     11%         2    None


Dungeon Overview and Level Annotations

Branches:
Dungeon (3/15)

Altars:
Kikubaaqudgha


Message History

The poisoned dart hits you!
You are more poisoned.
You see here 2 poisoned darts.
You feel sick.
You feel sick.
You feel sick.
You feel sick.
You feel sick.
You feel sick.
You feel sick.
You feel sick.
You feel sick.
You feel sick.
You feel sick.
You feel sick.
You feel sick.
A worm comes into view.
You feel sick.
You feel sick. The worm bites you.
You die...

#..#...#..#...##.#÷#.# #......
##........#.#.##.....## ####.##
###.#####..<...>......# #.# ....#
*........##.##.# #.# ....#
*,*#..♣..##.##.# #.#
###.####.##.♣_♣.......########.##
..........#..♣..##.##............
#.#.##..(......w##....#########.#
....##..........@.....# #.#
#.##......#.###.####..# ##.#
#.##.#...#*,# #.###...# #...
#.##.#...##.# #.......# #...
#.÷....†(...# #####...# #÷##
.(...###(#### #...# #÷#
.....###(# ######...###### #.#*
.....##..#####.............###.#,
....[##.....5..................#,


You could see a worm.

Vanquished Creatures
  Terence (D:2)
  Robin (D:2)
  4 gnolls (D:2)
  2 adders (D:3)
  An ooze (D:2)
  3 worms
  2 dart slugs
  2 leopard geckos
  2 orcs (D:3)
  2 giant cockroaches
  15 goblins
  10 hobgoblins
  5 jackals (D:3)
  4 kobolds
  2 quokkas
  5 bats
  2 frilled lizards (D:2)
  5 rats
68 creatures vanquished.

Vanquished Creatures (others)
  A human (D:2)
1 creature vanquished.

Grand Total: 69 creatures vanquished

Notes
Turn   | Place    | Note
-------+----------+-------------------------------------------
     0 | D:1      | H0rd4k the Deep Elf Wizard began the quest for the Orb.
     0 | D:1      | Reached XP level 1. HP: 10/10 MP: 7/7
   666 | D:1      | Reached XP level 2. HP: 15/15 MP: 6/9
   873 | D:1      | Reached skill level 5 in Spellcasting
  1292 | D:2      | Noticed Terence
  1583 | D:2      | Reached XP level 3. HP: 19/19 MP: 6/12
  1755 | D:3      | Learned a level 2 spell: Blink
  1759 | D:3      | Learned a level 3 spell: Conjure Flame
  1763 | D:3      | Learned a level 3 spell: Mephitic Cloud
  2019 | D:3      | Reached skill level 6 in Spellcasting
  2155 | D:2      | Reached XP level 4. HP: 18/24 MP: 0/14
  2274 | D:2      | Reached skill level 1 in Air Magic
  2342 | D:2      | Reached skill level 1 in Fire Magic
  2704 | D:2      | Found an ancient bone altar of Kikubaaqudgha.
  2704 | D:2      | Noticed a human
  2709 | D:2      | Killed a human
  2723 | D:2      | Noticed Robin
  2747 | D:2      | Killed Robin
  2747 | D:2      | Reached skill level 1 in Poison Magic
  3343 | D:2      | Reached XP level 5. HP: 28/28 MP: 6/15
  3515 | D:2      | Killed Terence
  3716 | D:3      | Found a faded altar of an unknown god.
  4132 | D:3      | Slain by a worm

Illustrated notes

Levels and vault maps discovered:
D:1:      minmay_arrival_doors, layout_loops_corners
D:2:      layout_loops_ring, tgw_kikubaaqudgha, uniq_robin, uniq_terence
D:3:      layout_loops_cross, chequers_temple_overflow_minitemple,
          chequers_ecumenical_altar_simple, minmay_between

Skill      XL: |  1  2  3  4 |
---------------+-------------+-----
Spellcasting   | 5 6 |  6.8
Air Magic      | 1 |  1.1
Fire Magic     | 1 |  1.2
Conjurations   | 2 |  2.1
Poison Magic   | 1 |  1.0
Throwing       | |  0.1
Dodging        | |  2.6
Stealth        | |  2.9
Summonings     | |  1.1
Translocations | |  1.2

Action                   |  1- 3 |  4- 6 || total
-------------------------+-------+-------++-------
Melee: Unarmed           |       |     1 ||     1
Throw: Dart              |       |     5 ||     5
 Cast: Magic Dart        |   106 |   123 ||   229
       Blink             |       |     2 ||     2
       Conjure Flame     |       |     1 ||     1
       Mephitic Cloud    |       |     1 ||     1
  Use: Scroll            |       |    12 ||    12
       Potion            |       |     1 ||     1
  Eat: Chunk             |     3 |     3 ||     6
       Ration            |       |     1 ||     1
Armor: Robe              |     4 |     3 ||     7
Dodge: Dodged            |    18 |    14 ||    32
Block: Other             |       |     5 ||     5
       Reflection        |       |     3 ||     3
